Map: Dusk Towers

Players

LilDicky

  • Race: Terran Terran
  • League: Diamond

Coballo - Winner!

  • Race: Zerg Zerg
  • League: Diamond

VOD

http://www.twitch.tv/tumescentpie

Description

Time

  • Played on: Jan. 2, 2016, 6:48 p.m.
  • Length: 17:03
Show
View Real Time Build Order
Export as new Build Order

LilDicky Terran 

Build Orders: Command Center First (CC), MMM Bio 

Get SALT Encoding   

  12  0:05  SCV  
  13  0:17  SCV  
  14  0:22  Supply Depot  
  14  0:29  SCV  
  15  0:43  SCV  
  16  0:55  SCV  
  17  1:02  Command Center  
  17  1:08  SCV  
  18  1:16  Barracks  
  18  1:21  SCV  
  19  1:33  SCV  
  20  1:45  SCV  
  21  1:57  SCV  
  22  2:04  Command Center, Supply Depot, Marine  
  23  2:13  Orbital Command  
  23  2:22  Orbital Command  
  23  2:30  Marine  
  23  2:35  Refinery  
  23  2:36  Refinery  
  24  2:40  SCV  
  26  2:51  SCV, Marine  
  26  2:52  SCV  
  28  3:03  SCV  
  29  3:09  SCV, Marine  
  31  3:17  Orbital Command  
  31  3:18  Barracks  
  31  3:20  SCV  
  31  3:22  Barracks  
  31  3:25  SCV  
  33  3:32  SCV  
  34  3:41  Barracks Tech Lab  
  34  3:42  Supply Depot  
  34  3:43  SCV  
  34  3:44  SCV  
  36  3:50  Barracks  
  36  3:51  Barracks  
  36  3:55  SCV  
  37  3:58  SCV x2  
  40  4:10  Stimpack  
  40  4:12  Barracks Tech Lab  
  40  4:13  Barracks Tech Lab  
  40  4:16  SCV, Marine  
  41  4:18  Factory  
  41  4:21  Engineering Bay, Barracks  
  41  4:23  Barracks  
  41  4:25  Engineering Bay  
  41  4:33  Combat Shields, Marine x2  
  41  4:34  Concussive Shells, Marine  
  43  4:43  SCV x2  
  43  4:44  Orbital Command  
  47  4:55  SCV  
  50  5:02  Barracks Reactor  
  50  5:03  Barracks Reactor  
  50  5:05  Factory Reactor, Starport  
  45  5:08  SCV x2  
  45  5:09  Marine x3  
  45  5:12  SCV, Refinery  
  45  5:13  Refinery  
  51  5:15  Marine  
  51  5:20  SCV x2  
  54  5:25  Marine  
  54  5:27  Marine  
  55  5:31  Supply Depot  
  54  5:38  Marine x4  
  54  5:40  Marine x2  
  60  5:46  Terran Infantry Weapons Level 1, Terran Infantry Armor Level 1  
  60  5:49  SCV  
  62  5:50  SCV  
  62  5:53  SCV  
  62  5:55  Barracks Reactor  
  63  6:01  Medivac  
  65  6:06  Supply Depot  
  65  6:11  Command Center, SCV x2  
  64  6:21  Supply Depot, Marine x3  
  64  6:24  Marine  
  64  6:25  Marine, Marauder x2  
  74  6:26  SCV  
  74  6:27  Barracks Tech Lab  
  74  6:30  Medivac  
  74  6:31  SCV, Medivac  
  80  6:32  SCV  
  80  6:33  Refinery x2  
  80  6:36  Marine  
  80  6:38  SCV, Marine  
  83  6:43  Marauder  
  85  6:49  Marine x2  
  85  6:50  Marine x2  
  85  6:51  Supply Depot  
  89  6:57  Supply Depot  
  89  6:59  Viking  
  89  7:00  Supply Depot  
  91  7:09  Marine x2  
  91  7:12  Marine  
  91  7:13  Marauder x3  
  100  7:18  Armory  
  100  7:21  Supply Depot  
  100  7:22  Supply Depot  
  100  7:24  SCV x2  
  102  7:30  Supply Depot  
  102  7:36  Missile Turret  
  102  7:39  Marine  
  102  7:42  Missile Turret  
  103  7:50  Marine  
  106  7:51  Marauder  
  106  7:52  Supply Depot  
  106  8:01  Planetary Fortress, Missile Turret  
  106  8:09  Supply Depot x2, Terran Infantry Weapons Level 2, Terran Infantry Armor Level 2  
  106  8:11  Marine x2  
  106  8:12  Marauder x2, Marine x2  
  115  8:13  Marauder, Marine  
  115  8:16  Missile Turret  
  115  8:19  Marine  
  112  8:20  Marine  
  111  8:34  Marauder  
  107  8:35  Marine x2  
  97  8:47  Marine x2  
  97  8:48  Marauder x2  
  97  8:52  Marine x2, Marauder  
  97  8:53  Marine  
  97  8:55  Marauder  
  103  8:57  SCV x4  
  103  8:58  Missile Turret, Marine  
  108  9:05  Marine x2  
  108  9:09  Marauder, Marine  
  113  9:10  Supply Depot, SCV, Marine  
  113  9:11  SCV x2, Marine  
  113  9:13  Marauder  
  113  9:16  Marauder  
  116  9:44  Marine x2  
  116  9:45  Marine x2  
  106  9:46  Marauder x2  
  106  9:48  Marine x3  
  106  9:49  Medivac x2, Marauder  
  120  10:07  Marine x2  
  120  10:08  Marauder x2, Marine  
  120  10:09  Marauder  
  120  10:10  Marine  
  120  10:11  Marauder  
  128  10:19  Medivac  
  110  10:22  Marine x2  
  110  10:25  Marine x2  
  110  10:27  Marine  
  110  10:28  Marine  
  96  10:30  Marauder x3  
  96  10:32  Marauder  
  96  10:33  Orbital Command  
  91  10:40  Marine  
  91  10:41  Marine  
  88  10:43  Marine  
  88  10:47  Marine  
  89  10:51  Marauder x3  
  89  10:53  Marauder  
  84  10:59  SCV x2  
  84  11:00  Marine  
  84  11:02  Medivac x2  
  91  11:10  Marine x4  
  91  11:11  Marine  
  96  11:12  Marauder  
  96  11:13  SCV x2, Marauder x2  
  103  11:35  Command Center  
  91  11:45  Marine x2  
  91  11:46  Marine x3  
  90  11:47  Marine, Marauder x4  
  90  12:03  Marine x3  
  92  12:08  Marauder x3  
  92  12:09  Marauder  
  83  12:22  Marine x3  
  77  12:23  Marine x3  
  77  12:29  Marauder  
  86  12:30  Marauder x3  
  86  12:34  Orbital Command  
  82  12:40  Marine  
  71  12:50  Marine x2  
  71  12:51  SCV, Marauder  
  66  12:52  SCV  
  66  12:57  Marine x5  
  66  12:58  Marauder  
  74  13:00  SCV, Marine  
  74  13:03  SCV  
  74  13:04  SCV  
  78  13:08  Marine x2  
  78  13:11  Terran Infantry Weapons Level 3  
  78  13:12  SCV, Marauder  
  83  13:15  Marine  
  83  13:16  SCV  
  83  13:18  Marine  
  84  13:29  Marine x2  
  84  13:30  Marine x2  
  84  13:31  Marauder  
  88  13:38  Marine x3  
  88  13:39  Marauder x2  
  95  13:46  SCV x2  
  95  13:47  Marine  
  98  13:50  Marine  
  98  13:52  Marauder, Marine  
  98  13:54  Command Center  
  102  13:56  Marauder  
  104  14:20  Marine x4  
  83  15:03  Marine  
  83  15:04  Marauder, Marine x2  
  82  15:19  Marine  
  82  15:20  Marine x5  
  88  15:21  Marine  
  88  15:26  Marauder  
  85  15:29  Marine x2  
  85  15:31  Planetary Fortress  
  82  15:37  Marine x2  
  82  15:38  Marauder x3  
  85  15:47  Marauder  
  76  16:00  Marauder  
  78  16:05  Marine x2  
  78  16:06  Marine x6  
  78  16:08  Marine  
  78  16:09  Medivac x2  
  81  16:20  Marine  
  81  16:23  Marine x3  
  81  16:24  Marine x3  
  81  16:25  Factory Tech Lab  
  90  16:26  Marine  
Show
View Real Time Build Order
Export as new Build Order

Coballo Zerg - Winner!

Build Orders: Hatch First 

Get SALT Encoding   

  12  0:07  Overlord  
  12  0:12  Drone  
  13  0:17  Drone  
  14  0:26  Drone  
  15  0:29  Drone  
  16  0:40  Drone  
  17  0:54  Hatchery  
  17  0:56  Drone  
  17  1:01  Drone  
  18  1:10  Extractor  
  17  1:16  Spawning Pool  
  16  1:19  Drone  
  17  1:26  Drone  
  18  1:37  Drone  
  19  1:44  Overlord  
  19  2:03  Zergling x2  
  19  2:04  Queen  
  19  2:07  Zergling x2  
  19  2:08  Queen  
  25  2:09  Drone  
  26  2:15  Metabolic Boost  
  26  2:20  Drone x2  
  28  2:31  Drone x2  
  30  2:39  Overlord  
  30  2:47  Queen  
  32  2:58  Zergling x2  
  32  3:01  Hatchery  
  32  3:02  Drone x2  
  34  3:06  Drone  
  36  3:12  Drone  
  36  3:13  Drone x2  
  36  3:16  Zergling x2  
  39  3:28  Overlord  
  39  3:32  Zergling x2  
  39  3:33  Zergling x2  
  39  3:34  Drone  
  42  3:41  Evolution Chamber  
  42  3:44  Roach Warren  
  42  3:45  Drone x2, Extractor  
  42  3:46  Drone, Extractor  
  41  3:55  Overlord  
  41  3:56  Overlord  
  41  4:04  Overlord  
  41  4:06  Drone x4  
  45  4:11  Zerg Missile Weapons Level 1  
  45  4:19  Queen  
  47  4:31  Overlord  
  47  4:36  Lair  
  47  4:41  Evolution Chamber, Drone x2  
  47  4:42  Drone  
  47  4:44  Roach x2  
  53  4:46  Roach  
  54  4:56  Roach x2  
  57  5:05  Roach  
  59  5:07  Zerg Ground Armor Level 1  
  59  5:09  Overlord  
  59  5:10  Drone  
  60  5:16  Roach x2  
  64  5:22  Roach x2  
  66  5:39  Ravager  
  66  5:40  Ravager  
  66  5:42  Drone x2  
  68  5:43  Drone  
  68  5:45  Overlord  
  68  5:46  Extractor  
  68  5:51  Glial Reconstitution  
  68  5:53  Roach x2  
  68  5:55  Drone x2  
  68  5:56  Drone x3  
  77  6:01  Drone  
  77  6:02  Drone  
  77  6:03  Roach x2  
  83  6:07  Roach  
  85  6:13  Roach  
  84  6:20  Roach x3  
  84  6:23  Ravager  
  88  6:31  Overlord  
  88  6:33  Drone  
  88  6:35  Drone x2  
  88  6:36  Drone  
  92  6:41  Ravager x2  
  94  6:48  Drone x3  
  94  6:49  Overlord, Extractor  
  94  6:52  Zerg Missile Weapons Level 2  
  96  6:56  Roach  
  96  6:57  Roach  
  96  6:58  Overlord x2  
  100  7:04  Spore Crawler  
  99  7:08  Overlord  
  99  7:13  Spore Crawler  
  99  7:15  Drone x3  
  101  7:20  Roach x2  
  106  7:22  Ravager  
  106  7:25  Ravager x2  
  106  7:26  Hatchery  
  107  7:30  Drone x3  
  107  7:31  Drone x2, Extractor  
  107  7:33  Overlord  
  111  7:41  Roach x3  
  111  7:43  Ravager x2  
  119  7:58  Zerg Ground Armor Level 2  
  119  8:02  Roach  
  119  8:03  Roach x2  
  125  8:07  Baneling Nest, Zergling x2  
  125  8:08  Zergling x10  
  130  8:20  Ravager  
  122  8:41  Drone x5  
  112  8:42  Drone x6  
  112  8:46  Ravager  
  112  8:47  Ravager x5  
  126  8:51  Queen  
  128  8:57  Roach x4  
  128  8:58  Roach  
  138  9:06  Overlord  
  138  9:07  Roach  
  140  9:10  Queen  
  140  9:14  Roach  
  144  9:18  Overlord  
  144  9:23  Overlord x2  
  144  9:24  Overseer, Queen  
  137  9:47  Roach x5  
  137  9:48  Roach  
  149  9:55  Roach x7  
  163  10:03  Roach x2  
  163  10:04  Roach x2  
  163  10:11  Roach x2  
  132  10:24  Roach x7  
  139  10:38  Roach x4  
  139  10:39  Roach x3  
  146  10:54  Roach x2  
  146  10:55  Roach x2  
  127  11:05  Ravager x3  
  127  11:06  Ravager x7  
  127  11:07  Ravager  
  138  11:12  Hatchery  
  138  11:13  Infestation Pit  
  136  11:19  Queen  
  138  11:28  Extractor  
  138  11:32  Extractor  
  116  11:44  Roach x6  
  116  11:45  Roach x5  
  138  11:50  Roach x2  
  142  11:56  Roach x2  
  142  12:03  Roach x2  
  135  12:13  Roach x2  
  136  12:16  Ravager x2  
  136  12:17  Ravager x3  
  137  12:36  Roach  
  137  12:37  Roach x5  
  114  12:44  Drone  
  114  12:45  Drone x3  
  102  12:52  Queen  
  104  13:01  Ravager  
  104  13:04  Drone x4  
  104  13:05  Drone  
  110  13:13  Pathogen Glands  
  108  13:34  Queen  
  108  13:37  Drone x4  
  108  13:38  Drone, Overlord x2  
  108  13:39  Roach  
  108  13:40  Roach  
  119  13:42  Ravager  
  120  13:54  Roach x2  
  120  13:55  Roach x4  
  132  13:57  Ravager x3  
  132  13:58  Ravager x2  
  132  14:00  Zergling x2  
  138  14:03  Overseer  
  138  14:08  Infestor x2  
  142  14:13  Roach  
  144  14:19  Hive  
  144  14:23  Spore Crawler  
  143  14:27  Spore Crawler  
  143  14:31  Roach x3  
  148  14:36  Spore Crawler  
  139  14:40  Roach x2  
  139  14:41  Roach x2  
  139  14:44  Zergling x4  
  138  14:52  Roach x2  
  136  15:00  Infestor x2  
  120  15:07  Spore Crawler  
  120  15:13  Roach x2  
  105  15:28  Queen  
  104  15:29  Drone x3  
  104  15:39  Ravager  
  105  15:45  Drone x4  
  109  16:03  Infestor x2  
  113  16:05  Roach  
  113  16:06  Roach  
  117  16:18  Drone, Roach x3  
  123  16:20  Drone  
  123  16:24  Drone x2  
Tags
 
Add a new tag
Caveats
  • Supply blocks, unpowered buildings, or Contaminate may cause inaccurate times.
  • Supply counts are checked every 10 seconds.